 Dungeon Crawl Stone Soup version 0.19-a0-1905-ge8b2aad (webtiles) character file.

11066 Leibowitz the Spear-Bearer (level 11, -4/133 HPs)
             Began as a Merfolk Berserker on Oct 19, 2016.
             Was a High Priest of Trog.
             Slain by Urug
             ... wielding a +2 demon trident of venom
              (10 damage)
             ... on level 10 of the Dungeon on Oct 21, 2016.
             The game lasted 00:40:53 (11529 turns).

Leibowitz the Spear-Bearer (Merfolk Berserker)     Turns: 11529, Time: 00:40:54

Health: -4/133     AC:  9    Str: 26    XL:     11   Next: 71%
Magic:  11/11      EV: 24    Int:  6    God:    Trog [*****.]
Gold:   172        SH:  0    Dex: 22    Spells: 0 memorised, 10 levels left

rFire  . . .     SeeInvis .     x - +4 halberd of Descent {vamp, Dex+3}
rCold  . . .     Gourm    .     C - +0 scale mail of the Armoured One {-Tele Str+4 Dex+3}
rNeg   . . .     Faith    +     (shield currently unavailable)
rPois  +         Spirit   .     (no helmet)
rElec  .         Reflect  .     v - +0 cloak
rCorr  .         Harm     .     (no gloves)
MR     .....     NoTele   +     (boots currently unavailable)
Stlth  ..........               y - amulet of faith
                                (no ring)
                                (no ring)

@: berserking (expiring), lethally poisoned (-4 -> -17), drained, very quick
A: change form in water, swift swim, stealthy swim, dopey 1, poison resistance,
wild magic 1
a: Berserk, Trog's Hand, Brothers in Arms, Burn Spellbooks, Renounce Religion


You were on level 10 of the Dungeon.
You worshipped Trog.
Trog was extremely pleased with you.
You were near starving.

You visited 3 branches of the dungeon, and saw 12 of its levels.

You collected 572 gold pieces.
You spent 400 gold pieces at shops.

Inventory:

Hand Weapons
 a - a +3 trident of freezing
 x - the +4 halberd of Descent (weapon) {vamp, Dex+3}
   (Trog gifted it to you on level 10 of the Dungeon)

   It inflicts no extra harm, but heals its wielder when it wounds a living foe.
   It affects your dexterity (+3).
 G - a +2 spear of piercing
 I - a +0 blowgun
Missiles
 d - 39 poisoned needles
 l - 6 javelins (quivered)
 r - 3 throwing nets
Armour
 e - a +0 pair of boots (melded)
 v - a +0 cloak (worn)
 C - the +0 scale mail of the Armoured One (worn) {-Tele Str+4 Dex+3}
   (You found it on level 8 of the Dungeon)

   It affects your strength (+4).
   It affects your dexterity (+3).
   It prevents most forms of teleportation.
Jewellery
 y - an amulet of faith (around neck)
 A - an uncursed amulet of the gourmand {unknown}
 F - an uncursed ring of ice
Wands
 b - a wand of lightning (9/15)
 k - a wand of disintegration (24/24)
 o - a wand of flame (31/48)
 p - a wand of flame (25/48)
 s - a wand of slowing (31/48)
 B - a wand of polymorph (9/24)
 D - a wand of polymorph (13/24)
 E - a wand of iceblast (10/15)
Scrolls
 f - 2 scrolls of teleportation
 i - 6 scrolls of identify
 n - a scroll of fear
 t - a scroll of enchant weapon
Potions
 g - a potion of cancellation
 j - 2 potions of lignification
 m - a potion of curing
 J - a potion of agility
Comestibles
 c - 10 bread rations
 q - 3 chunks of flesh
 u - 7 meat rations
 w - 3 royal jellies
 z - 8 slices of pizza
 H - 12 fruits


   Skills:
 + Level 9.4(9.3) Fighting
 + Level 14.2(14.1) Polearms
 + Level 1.6(1.5) Throwing
 + Level 6.4(6.3) Armour
 * Level 11.1(11.0) Dodging
 + Level 6.3(6.2) Stealth
 + Level 0.2(0.1) Evocations


You had 10 spell levels left.
You didn't know any spells.

Dungeon Overview and Level Annotations

Branches:
Dungeon (10/15)            Temple (1/1) D:4            Lair (0/6) D:10
    Orc (1/2) D:9

Altars:
Cheibriados
Hepliaklqana
Nemelex Xobeh
Ru
The Shining One

Shops:
D:7 =   D:8 %?!

Annotations:
D:6 yrara's ghost, novice MiFi
D:10 Grum; Urug
Orc:1 Blork the orc


Innate Abilities, Weirdness & Mutations

You revert to your normal form in water.
You are very nimble and swift while swimming.
You are very stealthy in the water. (Stealth+)
You are dopey. (Int -2)
Your system is resistant to poisons. (rPois)
Your spells are a little harder to cast, but a little more powerful.


Message History

Trog accepts your kill.
You hear a splash.
The killer bee completely misses you.
Urug splashes around in the water.
The wolf misses you. The killer bee stings you.
* * * LOW HITPOINT WARNING * * *
You slice Urug!!
You feel better.
Urug is heavily wounded.
The killer bee barely misses you.
Your troll bites the electric eel!
The electric eel dies!
Trog accepts your kill.
You hear a splash.
The killer bee misses you. x2
You barely miss Urug.
Your tail-slap misses Urug.
Urug is heavily wounded.
* * * LOW HITPOINT WARNING * * *
You feel sick.
The killer bee stings you but does no damage.
The wolf bites you but does no damage. The killer bee completely misses you.
Urug hits you with a demon trident of venom!
You die...

#≈≈≈≈≈≈≈≈≈≈≈≈....#
#≈≈≈≈≈.≈.≈.≈≈≈≈.##
≈≈≈≈≈....≈≈≈..##
≈≈≈≈≈.>.≈.≈≈...#
≈≈≈≈≈....≈≈≈.≈.##
≈≈≈≈≈....≈≈≈....#
≈≈h≈...gh≈≈≈....#
.≈≈≈††.hyy≈.....#
.≈≈.≈T[y@≈hh..#.#
...≈≈≈.o≈≈≈≈..#)o.
..≈≈≈≈.≈≈≈≈≈.....<
≈≈?≈≈≈.≈.≈≈..?###
.≈≈≈≈≈.≈.≈≈...#
≈...≈≈.≈.≈......
...............#
..............#


You could see Urug, Grum, 3 wolves, 2 hounds, 3 killer bees and a friendly troll
(berserk).

Vanquished Creatures
  A hydra (D:9)
  Erica (D:8)
  Nergalle (D:10)
  3 hill giants (D:10)
  An orc knight (D:9)
  A two-headed ogre (D:8)
  2 trolls
  2 dream sheep (D:9)
  2 hippogriffs
  2 yaks (D:9)
  A hungry ghost (D:9)
  The ghost of Leibowitz the Poker, an amateur MfBe of Trog (D:3)
  Menkaure (D:5)
  A warg (Orc:1)
  A water moccasin (D:5)
  A black bear (D:8)
  3 orc warriors
  A sky beast (D:6)
  An ice beast (D:5)
  A phantom (D:5)
  3 centaurs
  4 wolves (D:10)
  4 ogres
  5 big kobolds
  3 bullfrogs
  2 gnoll sergeants
  A wyvern zombie (D:9)
  3 scorpions
  11 killer bees
  4 wights (D:10)
  5 howler monkeys (D:7)
  An electric eel (D:10)
  5 crimson imps
  7 hounds
  2 jellies
  6 orc priests
  8 orc wizards
  3 bullfrog skeletons
  Ijyb (D:2)
  6 iguanas
  Natasha (thrice) (D:2)
  5 worker ants
  A killer bee zombie (D:10)
  2 hound skeletons (D:8)
  8 gnolls
  13 adders
  4 shadow imps
  An adder zombie (D:6)
  An adder skeleton (D:8)
  4 worms
  4 dart slugs
  8 leopard geckos
  27 orcs
  3 ball pythons
  3 giant cockroaches
  7 goblins
  8 hobgoblins
  16 jackals
  19 kobolds
  5 quokkas
  8 bats
  10 frilled lizards
  8 rats
  A plant (D:5)
281 creatures vanquished.

Vanquished Creatures (collateral kills)
  A troll (D:10)
  2 electric eels (D:10)
  An iguana (D:10)
4 creatures vanquished.

Vanquished Creatures (others)
  5 plants (D:5)
5 creatures vanquished.

Grand Total: 290 creatures vanquished

Notes
Turn   | Place    | Note
-------+----------+-------------------------------------------
     0 | D:1      | Leibowitz the Merfolk Berserker began the quest for the Orb.
     0 | D:1      | Reached XP level 1. HP: 18/18 MP: 1/1
   159 | D:1      | Reached XP level 2. HP: 21/24 MP: 2/2
   527 | D:1      | Reached skill level 5 in Polearms
   610 | D:1      | Reached XP level 3. HP: 27/30 MP: 3/3
   926 | D:2      | Reached ** piety under Trog
  1092 | D:2      | Noticed Natasha
  1103 | D:2      | Killed Natasha
  1103 | D:2      | Reached XP level 4. HP: 8/37 MP: 4/4
  1226 | D:2      | Noticed Natasha
  1233 | D:2      | Killed Natasha
  1233 | D:2      | Reached skill level 6 in Polearms
  1552 | D:2      | Noticed Ijyb
  1565 | D:2      | Killed Ijyb
  1565 | D:2      | Reached skill level 1 in Stealth
  1565 | D:2      | Reached XP level 5. HP: 42/42 MP: 5/5
  1590 | D:2      | Found a sacrificial altar of Ru.
  1822 | D:2      | Found a snail-covered altar of Cheibriados.
  1955 | D:2      | Noticed Natasha
  1969 | D:2      | Killed Natasha
  1969 | D:2      | Reached skill level 7 in Polearms
  2088 | D:3      | Reached XP level 6. HP: 45/48 MP: 6/6
  2157 | D:3      | Found a faded altar of an unknown god.
  2203 | D:3      | Reached *** piety under Trog
  2580 | D:3      | Reached skill level 1 in Throwing
  2727 | D:3      | Noticed Leibowitz's ghost (amateur MfBe)
  2745 | D:3      | Killed Leibowitz's ghost
  2745 | D:3      | Reached skill level 8 in Polearms
  2745 | D:3      | Reached skill level 5 in Dodging
  2745 | D:3      | Reached XP level 7. HP: 24/55 MP: 7/7
  3359 | D:4      | Upgraded the game from 0.19-a0-1896-g611e798 to 0.19-a0-1905-ge8b2aad
  3402 | D:4      | Found a staircase to the Ecumenical Temple.
  3418 | Temple   | Entered the Ecumenical Temple
  4052 | D:5      | Entered Level 5 of the Dungeon
  4099 | D:5      | Reached skill level 5 in Fighting
  4144 | D:5      | Noticed Menkaure
  4303 | D:5      | Reached skill level 9 in Polearms
  4303 | D:5      | Reached XP level 8. HP: 59/62 MP: 8/8
  4789 | D:5      | Killed Menkaure
  4789 | D:5      | Reached skill level 5 in Stealth
  5384 | D:6      | Found a sparkling altar of Nemelex Xobeh.
  5421 | D:6      | Reached **** piety under Trog
  5727 | D:6      | Reached skill level 10 in Polearms
  5769 | D:6      | Noticed yrara's ghost (novice MiFi)
  6328 | D:6      | Got a transparent ring mail
  6339 | D:6      | Identified the cursed +1 ring mail of Curiosity {Int+3} (You found it on level 6 of the Dungeon)
  6546 | D:6      | Reached XP level 9. HP: 50/69 MP: 9/9
  6830 | D:7      | Gained mutation: You are dopey. (Int -2) [potion of mutation]
  6830 | D:7      | Gained mutation: Your spells are a little harder to cast, but a little more powerful. [potion of mutation]
  6830 | D:7      | Gained mutation: Your system is resistant to poisons. (rPois) [potion of mutation]
  7079 | D:7      | Found a shimmering altar of Xom.
  7079 | D:7      | Found a shimmering altar of Xom.
  7080 | D:7      | Found a shimmering altar of Xom.
  7081 | D:7      | Found a shimmering altar of Xom.
  7081 | D:7      | Found a shimmering altar of Xom.
  7081 | D:7      | Found a shimmering altar of Xom.
  7083 | D:7      | Found a shimmering altar of Xom.
  7197 | D:7      | Found Igestue's Jewellery Shop.
  7206 | D:7      | Bought an uncursed amulet of faith for 400 gold pieces
  7388 | D:7      | Reached ***** piety under Trog
  7758 | D:8      | Got a polished scale mail
  7769 | D:8      | Identified the cursed +0 scale mail of the Armoured One {-Tele Str+4 Dex+3} (You found it on level 8 of the Dungeon)
  7781 | D:8      | Found Oxynann's Food Shoppe.
  7864 | D:8      | Reached skill level 11 in Polearms
  8041 | D:8      | Found Tafoy's Magic Scroll Shoppe.
  8048 | D:8      | Noticed Erica
  8082 | D:8      | Killed Erica
  8082 | D:8      | Reached skill level 12 in Polearms
  8082 | D:8      | Reached XP level 10. HP: 29/79 MP: 10/10
  8364 | D:8      | Found Kexaig's Distillery.
  8833 | D:8      | Received a gift from Trog
  9868 | D:9      | Reached skill level 5 in Armour
 10160 | D:9      | Noticed a three-headed hydra
 10174 | D:9      | Killed a three-headed hydra
 10174 | D:9      | Reached skill level 13 in Polearms
 10174 | D:9      | Reached XP level 11. HP: 60/87 MP: 11/11
 10330 | D:9      | Found a glowing golden altar of the Shining One.
 10541 | D:9      | Found a hazy altar of Hepliaklqana.
 10624 | D:9      | Found a staircase to the Orcish Mines.
 10630 | Orc:1    | Entered Level 1 of the Orcish Mines
 10651 | Orc:1    | Reached skill level 10 in Dodging
 10811 | Orc:1    | Noticed an enchanted long sword
 10812 | Orc:1    | Noticed Blork the orc
 10813 | Orc:1    | Noticed an orc knight
 10912 | D:9      | Killed an orc knight
 11109 | Orc:1    | Noticed an orc knight
 11161 | D:10     | Entered Level 10 of the Dungeon
 11243 | D:10     | Noticed Nergalle
 11249 | D:10     | Noticed a hill giant
 11256 | D:10     | Killed Nergalle
 11265 | D:10     | Killed a hill giant
 11295 | D:10     | Received a gift from Trog
 11298 | D:10     | Got a translucent halberd {god gift}
 11313 | D:10     | Identified the +4 halberd of Descent {vamp, Dex+3} (Trog gifted it to you on level 10 of the Dungeon)
 11333 | D:10     | Noticed a hill giant
 11343 | D:10     | Killed a hill giant
 11370 | D:10     | Reached skill level 14 in Polearms
 11397 | D:10     | Noticed a hill giant
 11434 | D:10     | Killed a hill giant
 11497 | D:10     | Found a staircase to the Lair.
 11502 | D:10     | Noticed Grum
 11511 | D:10     | Noticed Urug
 11527 | D:10     | HP: 2/133 [killer bee (5)]
 11529 | D:10     | Slain by Urug

Vault maps used:
D:1:      matt_arrival_spirals
D:2:      nicolae_ru_great_annihilating_truth, kennysheep_slug_shrine,
          kennysheep_generic_room_6, uniq_natasha, uniq_iyjb
D:3:      ecumenical_altar_2
D:5:      first_bread, serial_bayou_lagoon_a, st_stairs_1, minmay_door_square,
          uniq_menkaure
D:6:      nemelex_xobeh_ov_fountains_minmay
D:7:      xom_shifter_show, serial_aquarium, aquarium_bridge_straight,
          aquarium_window_fake, aquarium_window_3, aquarium_view_2b,
          aquarium_view_2b, aquarium_balcony_3a, serial_shops,
          nicolae_shop_competitors_out_of_business, nicolae_underground_beach
D:8:      serial_shops, shop, shop, shop, uniq_erica
D:9:      cheibrodos_iron_armory, overflow_temple_1_default, orc_0_dummy,
          hangedman_ranch, tso_metal_star
D:10:     erik_lair_island, uniq_grum, uniq_urug, uniq_nergalle
Temple:   regret_index_temple_sphere_string
Orc:1:    sword_in_stone

Skill      XL: |  1  2  3  4  5  6  7  8  9 10 11 |
---------------+----------------------------------+-----
Polearms       | 5 6 7 8 9 10 12 13 14 | 14.2
Dodging        | 3 4 5 6 8 9 11 | 11.1
Fighting       | 4 5 6 7 8 9 |  9.4
Stealth        | 1 3 4 5 6 |  6.3
Throwing       | 1 |  1.6
Armour         | 2 4 5 6 |  6.4
Evocations     | |  0.2

Action                   |  1- 3 |  4- 6 |  7- 9 | 10-12 || total
-------------------------+-------+-------+-------+-------++-------
Melee: Spear             |   104 |   188 |   602 |   171 ||  1065
       Tailslap          |       |     2 |    22 |    13 ||    37
       Trident           |       |     5 |       |   204 ||   209
       Halberd           |       |       |       |    88 ||    88
Throw: Javelin           |       |     7 |     3 |     5 ||    15
       Throwing net      |       |     2 |       |       ||     2
Invok: Berserk           |       |     2 |       |     3 ||     5
       Trog's Hand       |       |     1 |       |       ||     1
       Brothers in Arms  |       |       |       |     1 ||     1
Evoke: Wand              |       |     2 |       |       ||     2
  Use: Potion            |       |     1 |     9 |     2 ||    12
       Scroll            |       |       |    13 |     2 ||    15
 Stab: Sleeping          |     2 |     1 |     9 |     5 ||    17
       Paralysed         |       |     1 |       |       ||     1
       Held in net/web   |       |     1 |       |       ||     1
       Distracted        |       |       |       |     2 ||     2
  Eat: Chunk             |     1 |     7 |    15 |    12 ||    35
       Fruit             |       |       |     2 |       ||     2
       Beef jerky        |       |       |       |     4 ||     4
Armor: Animal skin       |     9 |    17 |     9 |       ||    35
       Chain mail        |       |       |    55 |       ||    55
       Ring mail         |       |       |    34 |       ||    34
       Scale mail        |       |       |    14 |    96 ||   110
Dodge: Dodged            |    61 |    85 |   192 |   402 ||   740
